Map: Submarine LE

Players

Seither - Winner!

  • Race: Terran Terran
  • Spawn Location: 5:00

MeomaikA

  • Race: Zerg Zerg
  • League: Grandmaster
  • Spawn Location: 11:00

Event: DreamHack SC2 Masters 2020 Summer Oceania RoA

VOD

Have the link to the VOD?

Description

Time

  • Played on: June 24, 2020, 4:48 a.m.
  • Length: 17:18

All games in this series

Show
View Real Time Build Order
Export as new Build Order

Seither Terran - Winner!

Build Orders: Reaper Expand, Hellion Banshee 

Get SALT Encoding   

  12  0:00  SCV  
  13  0:12  SCV  
  14  0:17  Supply Depot  
  14  0:25  SCV  
  15  0:38  SCV  
  15  0:41  Barracks  
  16  0:44  Refinery  
  16  0:50  SCV  
  17  1:02  SCV  
  18  1:14  SCV  
  19  1:28  Reaper, Orbital Command  
  20  1:40  Command Center  
  20  1:55  SCV  
  20  1:58  Supply Depot  
  21  2:02  Marine  
  21  2:07  Factory  
  21  2:08  SCV  
  23  2:19  Refinery  
  23  2:20  SCV  
  24  2:23  Barracks Reactor  
  24  2:32  SCV  
  25  2:44  SCV  
  26  2:52  Starport  
  26  2:53  Orbital Command  
  26  2:56  SCV  
  27  3:07  Hellion x2  
  27  3:09  SCV, Barracks Tech Lab  
  27  3:12  Supply Depot  
  32  3:21  SCV x2  
  34  3:28  Hellion x2  
  34  3:33  SCV x2  
  40  3:37  Viking  
  40  3:41  Barracks Tech Lab  
  42  3:45  SCV x2  
  44  3:48  Supply Depot  
  44  3:53  Hellion x2  
  48  3:57  SCV x2  
  50  4:04  Stimpack  
  50  4:05  Marine  
  50  4:07  Banshee  
  54  4:13  SCV x2, Supply Depot  
  56  4:29  SCV x2  
  58  4:32  Command Center  
  58  4:41  SCV x2  
  51  4:53  SCV x2  
  51  4:59  Factory Reactor, Barracks  
  53  5:00  Marine  
  53  5:02  Supply Depot, Barracks  
  53  5:05  SCV  
  53  5:06  SCV  
  56  5:13  Engineering Bay  
  56  5:15  Engineering Bay  
  56  5:17  Marine  
  56  5:18  SCV x2  
  59  5:30  SCV x2, Refinery  
  59  5:31  Starport Reactor, Supply Depot  
  61  5:35  Marine  
  61  5:42  SCV x2  
  64  5:44  Terran Infantry Weapons Level 1, Terran Infantry Armor Level 1  
  64  5:45  Orbital Command, Siege Tank  
  67  5:51  Combat Shield, Marine x2  
  67  5:52  Refinery  
  67  5:54  SCV x2  
  71  5:57  Barracks  
  71  5:58  Marine x3, Barracks  
  74  6:06  SCV x2  
  74  6:08  Marine  
  74  6:09  Medivac x2  
  74  6:11  Marine  
  81  6:14  Orbital Command  
  81  6:16  Marine x3  
  85  6:21  Supply Depot  
  85  6:22  Supply Depot, Siege Tank  
  88  6:29  SCV x2  
  88  6:32  Marine x2  
  92  6:33  Marine  
  92  6:34  Marine x2  
  95  6:41  SCV x2  
  95  6:43  SCV  
  95  6:44  Supply Depot  
  98  6:47  Barracks Reactor x2  
  98  6:50  Marine x2  
  98  6:51  Marine  
  101  7:00  Marine x2  
  101  7:01  Siege Tank  
  106  7:02  Medivac x2  
  106  7:08  Marine  
  111  7:13  Missile Turret  
  107  7:18  Marine x2  
  107  7:19  Marine  
  107  7:20  Marine  
  104  7:24  Marine x4  
  104  7:25  Marine  
  104  7:28  SCV x3  
  106  7:31  Missile Turret  
  106  7:36  Marine x2  
  106  7:37  Marine x2  
  106  7:42  Marine  
  106  7:43  Marine x2  
  106  7:44  SCV, Marine x2  
  109  7:45  SCV  
  108  7:56  Marine x3  
  108  7:57  Marine  
  100  7:58  Siege Tank  
  100  8:00  SCV, Marine  
  100  8:01  Marine x3  
  100  8:04  Medivac  
  104  8:13  Missile Turret  
  104  8:15  Marine x2  
  104  8:16  Marine x2  
  108  8:20  SCV x3, Marine  
  108  8:21  Marine  
  110  8:28  Medivac  
  110  8:32  Armory  
  110  8:34  SCV x2, Medivac  
  114  8:44  Marine x2  
  114  8:45  Marine x3  
  117  8:53  Marine x2  
  117  8:55  Marine x2  
  106  8:56  Siege Tank  
  106  8:57  Medivac  
  106  8:59  SCV x2  
  106  9:00  SCV  
  106  9:02  Supply Depot, Marine x3  
  115  9:04  Medivac  
  119  9:12  Supply Depot x2  
  119  9:23  Marine x5  
  124  9:24  Marine  
  124  9:25  Marine x3  
  124  9:27  SCV x3  
  124  9:30  Supply Depot  
  131  9:32  Supply Depot  
  130  9:39  Medivac, Siege Tank  
  130  9:40  Medivac  
  130  9:41  Marine x5  
  140  9:47  SCV x2, Missile Turret, Marine x2  
  144  9:59  Engineering Bay  
  144  10:05  Marine  
  144  10:06  Marine x6  
  144  10:07  Marine  
  151  10:12  Missile Turret, Factory  
  152  10:17  Marine  
  152  10:21  Drilling Claws, Thor  
  153  10:22  Medivac x2  
  153  10:23  Marine x2  
  153  10:27  Supply Depot, Terran Infantry Armor Level 2  
  165  10:28  Supply Depot  
  165  10:29  SCV x3, Marine x2  
  165  10:32  Supply Depot  
  161  10:38  Marine  
  161  10:39  Marine x2  
  161  10:42  SCV x2  
  165  10:48  SCV  
  159  10:54  SCV x2  
  161  10:57  Factory Reactor  
  161  10:58  Medivac x2  
  161  10:59  Missile Turret, Marine x5  
  161  11:00  Marine x3  
  161  11:03  Supply Depot  
  173  11:09  Thor  
  179  11:20  Marine x4  
  179  11:21  Marine x2  
  179  11:25  Marine x3  
  186  11:36  Engineering Bay  
  186  11:38  Marine  
  187  11:40  Command Center  
  187  11:42  Liberator  
  187  11:43  Marine x3, Liberator  
  187  11:44  Widow Mine x2  
  200  11:58  Barracks  
  200  11:59  Barracks x2  
  200  12:02  Terran Infantry Weapons Level 2  
  200  12:15  Refinery  
  200  12:17  Refinery  
  200  12:18  Command Center  
  198  12:36  Terran Vehicle And Ship Armor Level 1, Widow Mine  
  200  12:49  Barracks Tech Lab  
  200  12:50  Terran Infantry Armor Level 3, Barracks Tech Lab x2  
  198  13:10  Widow Mine x3  
  196  13:22  Bunker  
  196  13:23  Bunker, Missile Turret  
  196  13:29  Missile Turret, Sensor Tower  
  196  13:30  Missile Turret  
  196  13:33  Orbital Command  
  196  13:40  Widow Mine x2  
  200  13:51  Command Center  
  160  14:03  Marauder x2, Marine x4  
  159  14:16  Marauder x2, Marine x4  
  154  14:17  Medivac x2, Widow Mine x2  
  154  14:22  SCV x2, Planetary Fortress  
  164  14:24  Marauder x2  
  164  14:27  Sensor Tower  
  168  14:31  Terran Infantry Weapons Level 3  
  168  14:33  SCV x2  
  168  14:37  Marauder x2  
  174  14:39  Widow Mine  
  176  14:46  Marauder x2  
  178  14:59  Marauder, Marine x2  
  171  15:00  Marine x2  
  171  15:01  Medivac x2, Widow Mine x2  
  176  15:09  Bunker  
  176  15:10  Bunker  
  176  15:20  Marauder x4, Marine x6  
  184  15:24  Widow Mine x2  
  184  15:26  SCV x2  
  177  15:31  Orbital Command, Missile Turret  
  177  15:41  Marauder  
  179  15:47  Medivac x2  
  179  15:49  Marauder x3, Marine x3  
  190  16:02  Marine x2  
  190  16:03  Marauder  
  192  16:04  Widow Mine x2  
  192  16:10  Marauder  
  189  16:12  Sensor Tower  
  189  16:14  Marine  
  189  16:15  Marine x4  
  189  16:16  Marine  
  195  16:20  Orbital Command  
  195  16:29  Marine x2  
  195  16:30  Marine x2  
  199  16:34  Missile Turret  
  199  16:37  Orbital Command  
  195  16:40  Marine x2  
Show
View Real Time Build Order
Export as new Build Order

MeomaikA Zerg 

Build Orders: Pool First 

Get SALT Encoding   

  12  0:01  Drone  
  13  0:08  Drone  
  14  0:16  Overlord  
  14  0:25  Drone, Extractor  
  15  0:35  Drone x2  
  17  0:45  Spawning Pool  
  17  0:47  Drone  
  17  1:08  Hatchery  
  16  1:11  Drone  
  16  1:12  Extractor  
  16  1:15  Drone  
  17  1:32  Zergling x4  
  19  1:33  Queen  
  19  1:37  Drone  
  22  1:48  Overlord  
  22  2:07  Drone  
  23  2:08  Queen  
  23  2:10  Drone  
  26  2:17  Metabolic Boost  
  26  2:20  Drone  
  26  2:21  Drone  
  28  2:31  Drone x2  
  30  2:42  Drone x2  
  30  2:43  Drone x2  
  34  2:45  Drone  
  35  2:59  Hatchery  
  35  3:00  Drone x2  
  35  3:05  Evolution Chamber, Drone  
  35  3:09  Overlord  
  36  3:21  Overlord  
  36  3:22  Drone, Extractor  
  36  3:26  Lair  
  36  3:28  Drone x2  
  36  3:29  Drone  
  39  3:34  Zerg Melee Weapons Level 1  
  39  3:36  Drone  
  39  3:38  Drone  
  39  3:40  Drone  
  42  3:46  Drone x2  
  42  3:48  Overlord  
  44  3:50  Drone  
  45  3:56  Zergling x6  
  45  4:01  Drone  
  45  4:02  Extractor  
  48  4:06  Overlord  
  48  4:08  Queen  
  48  4:09  Drone  
  51  4:21  Drone x2  
  53  4:24  Zergling x4  
  53  4:28  Drone x2, Spire  
  53  4:29  Overseer  
  53  4:30  Zergling x2  
  57  4:33  Zergling x2  
  57  4:34  Zergling x2  
  58  4:42  Zergling x2  
  56  4:46  Zergling x2  
  56  4:48  Overlord  
  56  4:50  Drone  
  54  4:55  Drone  
  54  4:56  Drone x3  
  54  4:58  Drone x5  
  63  5:00  Drone  
  63  5:02  Extractor  
  63  5:04  Drone  
  63  5:07  Overlord  
  63  5:09  Overseer  
  63  5:14  Spore Crawler  
  60  5:15  Spore Crawler  
  60  5:16  Drone x2  
  61  5:26  Drone x3  
  61  5:27  Extractor  
  63  5:31  Zerg Melee Weapons Level 2  
  63  5:42  Zerg Flyer Weapons Level 1  
  63  5:44  Drone x2  
  63  5:45  Drone x2  
  63  5:47  Drone x2  
  63  5:48  Drone, Extractor  
  63  5:49  Zergling x4  
  71  5:53  Overlord  
  71  5:56  Overlord x2  
  71  5:57  Drone x2  
  73  6:10  Queen, Overseer  
  75  6:15  Mutalisk x5  
  85  6:19  Mutalisk  
  87  6:26  Mutalisk x3  
  87  6:28  Zergling x4  
  87  6:32  Overlord  
  95  6:33  Zergling x4  
  95  6:36  Overlord  
  97  6:47  Overlord  
  97  6:56  Hatchery  
  97  6:59  Mutalisk x3  
  97  7:00  Mutalisk x2  
  106  7:01  Zergling x2  
  106  7:03  Zergling x4  
  106  7:06  Zergling x2  
  106  7:07  Zergling x2  
  111  7:11  Mutalisk  
  111  7:14  Zergling x2  
  114  7:32  Overlord x4  
  110  7:37  Mutalisk x4  
  110  7:39  Zergling x6  
  112  7:44  Zergling x2  
  112  7:47  Mutalisk x2  
  112  7:48  Zergling x2  
  110  7:53  Mutalisk  
  110  7:55  Zergling x2  
  110  7:57  Zergling x2  
  109  8:05  Mutalisk  
  109  8:07  Zergling x8  
  109  8:08  Zergling x2  
  109  8:11  Drone  
  109  8:12  Mutalisk  
  117  8:19  Mutalisk  
  122  8:20  Zergling x2  
  122  8:21  Zergling x4  
  120  8:27  Mutalisk  
  120  8:31  Drone x3  
  125  8:36  Zerg Ground Armor Level 1  
  125  8:38  Drone  
  125  8:41  Drone  
  127  8:43  Mutalisk  
  127  8:45  Zergling x2  
  130  8:55  Mutalisk x2  
  128  8:56  Zergling x2  
  128  8:57  Zergling x4  
  128  9:01  Mutalisk  
  128  9:02  Zergling x2  
  138  9:03  Zergling x2  
  138  9:05  Mutalisk  
  141  9:11  Overlord  
  141  9:13  Zergling x2, Overlord  
  141  9:16  Zergling x2  
  143  9:24  Overlord, Zerg Flyer Weapons Level 2  
  143  9:28  Overlord  
  143  9:34  Mutalisk x2  
  143  9:36  Zergling x6  
  146  9:43  Mutalisk x2  
  146  9:45  Zergling x2  
  149  9:47  Zergling x2  
  149  9:48  Zergling x2  
  149  9:49  Drone  
  149  9:50  Drone  
  153  10:00  Zergling x14  
  153  10:03  Mutalisk  
  153  10:05  Drone  
  163  10:07  Drone  
  163  10:10  Drone x2  
  166  10:16  Drone  
  166  10:17  Drone x4  
  171  10:23  Drone x2  
  171  10:25  Baneling Nest  
  171  10:28  Drone x3  
  173  10:49  Mutalisk x7  
  169  10:52  Overlord, Extractor  
  169  10:53  Extractor  
  169  10:54  Overlord  
  169  10:55  Drone x2  
  175  10:58  Overlord  
  175  11:04  Zerg Ground Armor Level 2  
  175  11:07  Overlord  
  163  11:39  Centrifical Hooks  
  163  11:41  Baneling x22  
  163  11:42  Zergling x6, Baneling x7  
  163  11:43  Zergling x14  
  173  11:49  Zergling x10  
  173  11:52  Zergling x2  
  179  11:56  Zergling x8, Hatchery  
  179  11:58  Zergling x2  
  179  12:00  Extractor  
  182  12:02  Drone x3  
  182  12:07  Drone x4  
  189  12:09  Zergling x2  
  189  12:10  Baneling  
  189  12:11  Baneling  
  189  12:12  Zergling x2  
  189  12:13  Drone  
  192  12:23  Drone x3  
  192  12:26  Drone x3  
  194  12:46  Drone x3  
  194  12:47  Queen  
  196  13:00  Infestation Pit  
  191  13:22  Baneling  
  191  13:23  Zergling x2, Baneling x23  
  191  13:24  Zergling x16  
  160  13:56  Mutalisk  
  160  13:57  Mutalisk x21  
  160  13:59  Zergling x14  
  155  14:05  Zergling x8  
  155  14:06  Zergling x2  
  155  14:09  Zergling x4  
  155  14:13  Zergling x2  
  155  14:14  Mutalisk  
  155  14:15  Mutalisk  
  149  14:20  Mutalisk x2  
  149  14:21  Mutalisk, Extractor  
  149  14:23  Baneling x8  
  154  14:25  Drone x3  
  157  14:33  Zerg Flyer Armor Level 1  
  157  14:34  Zergling x2  
  157  14:35  Zergling x10  
  157  14:36  Zergling x2  
  164  14:39  Zergling x4  
  164  14:41  Zergling x4  
  168  14:48  Zergling x4  
  165  15:00  Zergling x26  
  165  15:02  Zergling x4  
  165  15:03  Zergling x2  
  165  15:05  Zergling x2  
  169  15:09  Zergling x2  
  169  15:10  Zergling x4  
  165  15:22  Zergling x4  
  165  15:25  Zergling x22  
  154  15:32  Drone  
  154  15:33  Drone x2  
  147  15:36  Drone x5  
  140  15:47  Drone x6  
  144  15:52  Mutalisk x3  
  145  16:09  Baneling  
  145  16:10  Baneling x22  
  144  16:12  Drone  
  144  16:13  Zergling x2  
  144  16:15  Zergling x2  
  147  16:18  Zergling x4  
  147  16:20  Drone x2  
  147  16:22  Drone  
  152  16:29  Zergling x12  
  158  16:41  Zergling x2  
  158  16:42  Zergling x14  
  158  16:43  Zergling x2  
  158  16:45  Zergling x2  
  171  16:53  Zergling x16  
  156  16:56  Zergling x2  
Tags
 
Add a new tag
Caveats
  • Supply blocks, unpowered buildings, or Contaminate may cause inaccurate times.
  • Supply counts are checked every 10 seconds.